AoeStats
← tomi09

Arena

507533898Analyzed
1v1 RM · 13d ago on Sep 18, 2026· 40m 19s· 2 players
Game mode
Random Map
Map size
Tiny (2 player)
Population
200
Speed
Normal
Resources
Standard
Victory
Conquest
Starting age
Dark Age
Ending age
Imperial Age
RankedLock teamsTeams togetherTeam positionsShared explorationLock speedFull tech treeHidden civsTurbo modeCheats
Victory
Defeat
🇺🇸 Armenians · United States
1127
+15
🇦🇹 Bengalis · Austria
1097
-15
Tavok42
7:55 Loom
10:38 Feudal Age
15:10 Castle Age
13:22 Double-Bit Axe
14:07 Horse Collar
15:34 Wheelbarrow
16:14 Bow Saw
17:34 Heavy Plow
18:17 Wheelbarrow
21:32 Hand Cart
21:03 Town Watch
22:54 Fletching
24:53 Gold Mining
24:53 Stone Mining
25:01 Stone Mining
29:05 Imperial Age
26:51 Masonry
26:53 Squires
27:10 Elite Skirmisher
27:56 Bodkin Arrow
28:31 Ballistics
28:21 Gambesons
28:38 Scale Mail Armor
28:48 Forging
28:11 Man-at-Arms
28:38 Arson
28:56 Padded Archer Armor
28:36 Pikeman
29:07 Long Swordsman
30:04 Chain Mail Armor
29:49 Bracer
30:55 Chemistry
30:08 Fortified Wall
31:25 Gold Shaft Mining
30:30 Two-Handed Swordsman
30:35 Halberdier
31:00 Two-Handed Swordsman
32:24 Plate Mail Armor
31:33 Two-Handed Swordsman
33:17 Conscription
33:39 Iron Casting
33:54 Two-Handed Swordsman
34:43 Fereters
35:19 Hoardings
36:24 Blast Furnace
35:25 Padded Archer Armor
35:30 Champion
39:30 Leather Archer Armor
39:43 Town Patrol
tomi09
10:56 Feudal Age
15:16 Castle Age
13:30 Double-Bit Axe
15:12 Loom
15:26 Gold Mining
17:40 Bow Saw
24:37 Gold Shaft Mining
23:56 Stone Mining
27:55 Imperial Age
26:27 Wheelbarrow
26:15 Bloodlines
27:02 Husbandry
28:40 Scale Barding Armor
28:27 Fletching
30:14 Elite Battle Elephant
33:40 Chain Barding Armor
33:31 Forging
33:54 Paiks
34:11 Conscription
35:53 Padded Archer Armor
35:52 Bodkin Arrow
37:57 Elite Skirmisher
39:32 Ballistics
40:12 Chemistry
39:55 Bracer
40:31 Plate Barding Armor
40:17 Horse Collar
40:50 Masonry
40:43 Murder Holes
Connection lost

Rejoining the realm…

Still unreachable

The connection could not be restored.

Session expired

The server has moved on; the page needs a fresh start.